Map: Triton LE

Players

Beastyqt - Winner!

  • Race: Terran Terran
  • League: Master
  • Spawn Location: 5:00

demuLarva

  • Race: Terran Terran
  • League: Grandmaster
  • Spawn Location: 11:00

VOD

Have the link to the VOD?

Description

Time

  • Played on: Dec. 19, 2019, 11:07 a.m.
  • Length: 19:17
Show
View Real Time Build Order
Export as new Build Order

Beastyqt Terran - Winner!

Build Orders: Hellion Opening, Reaper Expand, Mech 

Get SALT Encoding   

  12  0:01  SCV  
  13  0:13  SCV  
  14  0:17  Supply Depot  
  14  0:25  SCV  
  15  0:38  SCV  
  15  0:40  Barracks  
  16  0:45  Refinery  
  16  0:51  SCV  
  17  1:03  SCV  
  18  1:15  SCV  
  19  1:27  Orbital Command  
  19  1:28  Reaper  
  20  1:48  Command Center  
  20  1:53  SCV  
  21  2:00  Marine, Supply Depot  
  22  2:05  SCV  
  23  2:10  Factory  
  23  2:21  Barracks Reactor  
  23  2:22  SCV  
  24  2:26  Refinery  
  24  2:34  SCV  
  25  2:46  SCV  
  26  2:55  Starport  
  26  2:58  SCV  
  26  3:01  Orbital Command  
  26  3:05  Hellion x2  
  31  3:07  Barracks Tech Lab  
  31  3:10  SCV  
  32  3:16  Supply Depot  
  32  3:23  SCV  
  32  3:26  Hellion x2  
  37  3:28  SCV  
  38  3:35  SCV  
  38  3:37  Raven  
  38  3:40  SCV  
  42  3:45  Barracks Reactor, Supply Depot  
  42  3:47  SCV  
  45  3:48  Hellion  
  45  3:52  SCV, Hellion  
  48  4:00  SCV  
  49  4:05  SCV  
  51  4:10  Hellion  
  51  4:12  SCV  
  51  4:13  Hellion  
  55  4:17  SCV  
  55  4:24  SCV  
  53  4:29  SCV  
  54  4:35  Refinery, Viking x2  
  54  4:36  Refinery  
  54  4:37  SCV  
  54  4:38  Command Center  
  59  4:41  Supply Depot  
  59  4:45  Hellion  
  61  4:46  SCV  
  62  4:56  Barracks Tech Lab  
  62  5:01  Supply Depot  
  62  5:03  SCV x2, Hellion  
  66  5:07  Viking  
  66  5:10  Viking  
  70  5:16  Supply Depot  
  70  5:22  SCV x2, Hellion  
  70  5:24  Supply Depot  
  70  5:28  Hellion  
  76  5:34  SCV  
  77  5:39  SCV  
  76  5:44  Hellion, Viking x2  
  76  5:49  Hellion  
  82  5:57  SCV  
  82  5:59  SCV  
  76  6:09  Factory x2  
  76  6:10  Orbital Command, Factory x2  
  76  6:11  SCV  
  75  6:12  SCV  
  75  6:17  Hellion  
  78  6:20  Hellion  
  78  6:23  SCV  
  78  6:25  SCV  
  82  6:27  Armory  
  82  6:30  Armory  
  82  6:35  SCV  
  82  6:36  Viking  
  82  6:37  SCV  
  86  6:41  Viking  
  86  6:43  SCV  
  89  6:47  SCV  
  89  6:49  Hellion x2  
  89  6:51  SCV  
  95  6:55  SCV  
  95  6:57  Factory Tech Lab, Factory Reactor  
  95  6:59  SCV  
  95  7:01  Refinery  
  97  7:02  Supply Depot  
  93  7:09  Siege Tank  
  93  7:10  Siege Tank  
  93  7:12  SCV  
  93  7:14  SCV  
  101  7:15  Refinery  
  101  7:16  SCV  
  102  7:24  SCV, Supply Depot x2  
  102  7:25  Supply Depot x2  
  102  7:27  Viking  
  105  7:31  Viking  
  105  7:34  SCV  
  105  7:35  SCV  
  109  7:40  Terran Vehicle Weapons Level 1  
  109  7:42  SCV  
  108  7:46  SCV  
  108  7:48  Terran Vehicle And Ship Armor Level 1  
  108  7:49  SCV  
  108  7:51  Siege Tank  
  113  7:54  SCV  
  113  7:55  Siege Tank  
  113  7:58  Siege Tank  
  120  8:01  SCV x2, Supply Depot  
  122  8:09  Hellion  
  112  8:13  Viking  
  112  8:14  Viking  
  112  8:19  Supply Depot  
  116  8:23  Siege Tank  
  116  8:26  Hellion  
  116  8:27  Siege Tank, Hellion x2  
  125  8:30  Siege Tank  
  125  8:31  Hellion  
  133  8:38  Engineering Bay  
  133  8:43  Viking  
  133  8:44  Viking  
  133  8:45  Command Center  
  137  8:50  Infernal Pre-Igniter, Hellion x2  
  137  8:51  Smart Servos  
  137  8:55  Siege Tank  
  144  9:04  Starport, Hellion x2  
  144  9:05  Supply Depot  
  144  9:09  Supply Depot  
  148  9:10  Supply Depot  
  148  9:12  Missile Turret  
  148  9:16  Missile Turret  
  148  9:17  Missile Turret  
  148  9:23  Siege Tank x2  
  158  9:24  Hellion x2  
  158  9:26  Viking  
  160  9:37  Viking  
  158  9:40  Terran Ship Weapons Level 1  
  158  9:43  Terran Vehicle Weapons Level 2  
  158  9:45  Starport Reactor  
  148  10:00  Viking  
  148  10:03  Sensor Tower  
  150  10:10  Refinery  
  150  10:13  Viking  
  152  10:15  Siege Tank x2  
  152  10:16  Hellion x4  
  164  10:21  Refinery  
  164  10:23  Command Center  
  164  10:29  Command Center  
  164  10:35  Fusion Core  
  164  10:36  Planetary Fortress  
  164  10:40  SCV x2  
  164  10:42  Drilling Claws  
  160  10:43  Widow Mine x2  
  160  10:44  Widow Mine  
  160  10:45  Widow Mine  
  160  10:46  SCV  
  167  10:52  Viking x2  
  167  10:53  Viking  
  173  10:57  Liberator  
  169  11:04  Sensor Tower  
  169  11:05  Liberator  
  169  11:06  Sensor Tower  
  169  11:08  Missile Turret x2  
  168  11:24  Command Center  
  171  11:31  Thor  
  177  11:33  Thor  
  183  11:41  Orbital Command  
  183  11:42  Orbital Command  
  183  11:44  Terran Ship Weapons Level 2  
  181  11:50  Viking x2  
  185  12:01  Viking  
  185  12:05  Viking  
  189  12:14  Command Center  
  189  12:18  Terran Vehicle Weapons Level 3  
  189  12:20  Viking  
  189  12:21  Missile Turret  
  191  12:23  Missile Turret  
  191  12:24  Missile Turret x2  
  189  12:40  Viking x3  
  195  12:46  Command Center  
  195  12:50  Viking  
  197  12:53  Barracks  
  186  13:10  Viking x3  
  160  13:20  Viking  
  160  13:23  Orbital Command  
  156  13:30  SCV x5  
  156  13:32  Planetary Fortress  
  161  13:40  Siege Tank x3, Viking x3  
  161  13:41  Hellion x3  
  182  13:50  Viking  
  181  13:57  Refinery, Missile Turret  
  181  13:58  Refinery, Missile Turret  
  163  14:11  Viking x2  
  163  14:12  Thor x2  
  163  14:13  Hellion x2  
  180  14:21  Hellion x2  
  172  14:27  Thor  
  166  14:34  Hellion x2, Viking  
  166  14:39  Starport  
  166  14:43  Hellion x2  
  166  14:44  Starport  
  170  14:54  Advanced Ballistics, Terran Ship Weapons Level 3  
  170  14:55  Hellion  
  170  14:58  SCV  
  170  14:59  SCV x5  
  176  15:09  Orbital Command  
  176  15:14  Viking x2  
  176  15:15  Viking  
  174  15:30  Starport Reactor x2  
  174  15:32  Thor x2  
  186  15:41  Thor  
  188  15:44  Refinery  
  188  15:45  Refinery  
  188  15:54  Sensor Tower  
  188  16:05  Viking x3  
  188  16:06  Viking  
  188  16:08  Widow Mine x2  
  188  16:09  Widow Mine  
  182  16:21  Viking x2  
  186  16:28  Siege Tank x2  
  193  16:32  Siege Tank  
  193  16:33  Hellion  
  193  16:36  Hellion  
  197  16:52  Missile Turret  
  197  16:54  Viking  
  199  16:56  Missile Turret  
  169  17:26  Viking x3  
  169  17:32  Viking x2  
  169  17:34  SCV x2  
  169  17:35  SCV x5  
  180  17:39  Command Center  
  180  17:40  SCV  
  178  17:44  Viking  
  180  17:55  SCV x2  
  182  18:01  SCV x2  
  182  18:02  SCV  
  183  18:10  Liberator x2  
  183  18:11  Liberator x2  
  182  18:22  Thor  
  182  18:23  SCV  
  183  18:27  Viking x2  
  193  18:44  Viking  
  193  18:45  Viking  
  197  18:49  Hellion  
Show
View Real Time Build Order
Export as new Build Order

demuLarva Terran 

Build Orders: Gas First Reaper Expand, Hellion Opening, Mech 

Get SALT Encoding   

  12  0:00  SCV  
  13  0:12  SCV  
  14  0:17  Supply Depot  
  14  0:25  SCV  
  14  0:27  Refinery  
  15  0:38  SCV  
  16  0:44  Barracks  
  16  0:50  SCV  
  17  1:03  SCV  
  18  1:15  SCV  
  19  1:32  Orbital Command  
  19  1:33  Reaper  
  20  1:45  Command Center  
  20  2:00  SCV  
  20  2:01  Factory  
  21  2:12  SCV  
  21  2:13  Barracks Reactor  
  22  2:17  Supply Depot  
  22  2:19  Refinery  
  22  2:24  SCV  
  23  2:38  SCV  
  24  2:48  Starport  
  24  2:53  Hellion  
  24  2:54  SCV, Hellion  
  24  2:58  Orbital Command  
  29  3:06  SCV  
  29  3:07  Barracks Tech Lab  
  30  3:15  Hellion  
  30  3:18  SCV, Hellion  
  35  3:24  SCV  
  36  3:30  SCV  
  36  3:31  Supply Depot  
  36  3:34  Raven  
  37  3:36  SCV  
  40  3:42  SCV  
  41  3:48  SCV  
  41  3:53  Supply Depot  
  41  3:54  SCV, Hellion x2  
  47  4:01  SCV  
  48  4:07  SCV  
  49  4:13  SCV  
  50  4:17  Command Center  
  50  4:19  SCV  
  50  4:23  Hellion x2  
  49  4:28  SCV  
  49  4:31  SCV  
  49  4:32  Factory  
  49  4:35  Factory  
  49  4:40  SCV  
  49  4:43  SCV  
  49  4:44  Hellion  
  49  4:45  Hellion  
  55  4:46  Starport Reactor  
  55  4:49  Barracks Tech Lab  
  55  4:52  SCV  
  56  4:56  Refinery  
  56  4:57  Refinery, Supply Depot  
  56  5:00  Supply Depot  
  56  5:11  Hellion x2  
  56  5:12  SCV x2  
  62  5:19  Siege Tank  
  65  5:22  Viking  
  65  5:24  SCV x2  
  65  5:26  Viking  
  71  5:29  Orbital Command  
  71  5:32  Siege Tank  
  67  5:39  Hellion x2  
  69  5:44  SCV  
  60  6:02  SCV x2  
  59  6:07  Siege Tank x2, Hellion, Viking  
  59  6:08  Hellion  
  59  6:09  SCV  
  71  6:14  SCV, Orbital Command  
  71  6:15  SCV  
  73  6:20  Viking  
  75  6:26  SCV  
  75  6:28  SCV  
  75  6:29  Armory  
  75  6:30  Hellion x2  
  81  6:37  Viking  
  81  6:38  SCV  
  81  6:39  SCV  
  85  6:40  SCV  
  85  6:42  Supply Depot  
  85  6:44  Supply Depot  
  84  6:50  SCV  
  85  6:54  Siege Tank, Cyclone  
  85  6:55  Hellion  
  93  7:03  SCV x2  
  93  7:04  Hellion  
  93  7:07  SCV  
  90  7:14  Viking x2  
  94  7:16  SCV  
  94  7:17  SCV  
  94  7:18  Refinery  
  94  7:19  Refinery  
  94  7:20  SCV  
  94  7:21  Terran Vehicle Weapons Level 1  
  97  7:23  Armory  
  97  7:27  Siege Tank  
  97  7:29  Hellion x2  
  104  7:31  SCV x2  
  104  7:32  SCV  
  104  7:36  Supply Depot  
  107  7:43  SCV x2  
  109  7:48  Supply Depot  
  109  7:58  SCV x2, Hellion, Viking x2  
  117  8:05  SCV, Hellion  
  117  8:09  Siege Tank  
  117  8:10  SCV x2  
  119  8:13  Terran Vehicle And Ship Armor Level 1  
  119  8:17  SCV  
  119  8:18  Supply Depot  
  120  8:20  Supply Depot  
  120  8:22  SCV x2  
  120  8:23  Infernal Pre-Igniter  
  120  8:24  Siege Tank  
  125  8:30  Factory x2  
  125  8:40  SCV x3, Viking x2  
  132  8:51  Command Center  
  132  8:52  SCV x2  
  134  8:59  Supply Depot x3  
  134  9:02  Supply Depot  
  134  9:03  Siege Tank x2, Supply Depot  
  134  9:04  Smart Servos  
  134  9:07  SCV  
  141  9:16  Factory Tech Lab, Factory Reactor  
  141  9:19  Starport  
  141  9:20  SCV x2, Viking x2  
  141  9:22  Starport  
  137  9:39  Siege Tank x2  
  137  9:40  Hellion x3  
  143  9:48  Terran Vehicle Weapons Level 2  
  143  9:50  Viking  
  145  9:54  Engineering Bay  
  145  9:56  Hellion  
  145  9:57  Hellion  
  145  9:58  Starport Reactor x2, Command Center  
  149  10:01  Hellion x3  
  155  10:08  Viking  
  155  10:11  Hellion  
  155  10:12  Command Center  
  155  10:16  Hellion  
  155  10:18  Hellion  
  159  10:25  Missile Turret  
  159  10:28  Terran Vehicle And Ship Armor Level 2  
  159  10:30  Missile Turret  
  159  10:33  SCV  
  159  10:34  SCV x2  
  162  10:36  Orbital Command  
  162  10:40  Refinery x2  
  162  10:45  Viking x3  
  168  10:51  Viking x2  
  172  11:01  Siege Tank, Hellion  
  171  11:08  Fusion Core  
  171  11:10  Siege Tank  
  171  11:11  Siege Tank, Hellion x2  
  175  11:20  Sensor Tower  
  175  11:22  Sensor Tower, Orbital Command  
  175  11:30  Viking x2  
  175  11:31  Viking  
  181  11:34  Orbital Command  
  179  11:46  Siege Tank x2  
  185  11:47  Viking x2  
  189  11:58  Command Center  
  189  12:00  Missile Turret x2  
  189  12:03  Viking x2  
  189  12:06  Siege Tank  
  196  12:11  Terran Ship Weapons Level 1  
  196  12:21  Viking x2  
  200  12:27  Missile Turret  
  200  12:28  Missile Turret x2  
  198  12:39  Viking  
  200  12:47  Liberator  
  200  12:48  Liberator  
  198  13:06  Viking x2  
  180  13:19  Siege Tank x3  
  157  13:20  Viking x2  
  131  13:30  Hellion x4  
  139  13:35  Viking  
  139  13:36  Viking  
  143  13:42  Starport  
  143  13:43  Starport  
  143  13:47  Viking  
  145  13:53  Siege Tank x3  
  154  13:55  Viking  
  154  13:56  Viking x2  
  154  14:02  Liberator  
  156  14:05  Viking  
  156  14:06  Hellion x3, Viking  
  156  14:07  Hellion  
  137  14:25  Siege Tank x2, Viking x2  
  137  14:26  Viking  
  137  14:27  Hellion  
  143  14:35  Viking  
  143  14:36  Missile Turret  
  143  14:37  Viking  
  143  14:38  Viking x2  
  146  14:39  Hellion, Missile Turret  
  148  14:54  Hellion x2  
  148  14:55  Viking x2  
  148  14:56  Viking  
  158  15:02  Viking  
  158  15:05  Siege Tank  
  158  15:06  Siege Tank  
  164  15:08  Hellion x2  
  164  15:11  Command Center  
  168  15:16  Missile Turret  
  168  15:17  Viking  
  168  15:19  Viking  
  168  15:20  Viking  
  168  15:21  Viking  
  170  15:29  Viking  
  172  15:37  Fusion Core  
  169  15:45  Viking x2  
  169  15:48  Viking  
  169  15:49  Viking  
  177  15:55  Viking  
  179  16:03  Viking  
  179  16:04  Viking  
  181  16:12  Viking  
  181  16:13  Hellion x5  
  181  16:14  Hellion x2  
  181  16:15  Viking x2  
  189  16:18  Viking  
  189  16:21  Viking  
  191  16:27  Viking  
  193  16:34  Hellion x2  
  193  16:35  Siege Tank  
  193  16:36  Orbital Command  
  200  16:40  Refinery  
  200  16:41  Planetary Fortress  
  200  16:42  Missile Turret  
  200  16:43  Missile Turret  
  200  16:48  Refinery  
  200  17:10  Viking  
  176  17:17  Viking x2  
  176  17:22  Viking  
  156  17:28  Viking  
  156  17:30  Liberator  
  156  17:32  Viking  
  156  17:43  Viking x2  
  156  17:44  Viking  
  160  17:50  Viking  
  163  17:59  Viking x2  
  163  18:01  Liberator  
  167  18:06  Viking  
  167  18:13  Viking  
  160  18:22  Viking  
  157  18:29  Viking  
  153  18:41  Viking  
Tags
 
Add a new tag
Caveats
  • Supply blocks, unpowered buildings, or Contaminate may cause inaccurate times.
  • Supply counts are checked every 10 seconds.